Match 37627823
Unlisted

Match 37627823
End
Panzergrenadier Squad
Panzergrenadier Squad
Panzergrenadier Squad
Construct Light Support Kompanie
2.5-tonne Medical Truck
MG34 Team
Fire Support Elements
Panzerjäger Mechanized Group
Construct Mechanized Kompanie
Veteran Squad Leaders
Selects Armored Support Battlegroup
Selects Salvage Kits
Selects Panzer Storm
254 Reconnaissance Tractor
Selects Superior Fire Drills
Panzerjäger Squad
Panzerjäger Mechanized Group
2.5-tonne Medical Truck
Marder III Tank Destroyer
StuG III D Assault Gun
Selects Flammpanzer III Medium Tank
Flammpanzer III Medium Tank
Assault Mechanized Group
Assault Grenadier Squad
Assault Grenadier Squad
Construct Panzerarmee Kommand
Selects Stuka Anti-tank Loiter
Selects Battlefield Salvage
Stuka Anti-tank Loiter
Battlefield Salvage
Pak 38 Anti-tank Gun Team
Pak 38 Mechanized Group
Panzerpioneer Squad
Panzerpioneer Squad
Panzerpioneer Squad
Mrtomsiknic
Nikolai
Microsoft Outlook
deadsadbadmad
0
0

Comments sign in to comment!

No comments posted yet!